 Dungeon Crawl Stone Soup version 0.21-a0-529-g8c7b3f5 (webtiles) character file.

12959 Canard the Geomancer (level 12, -4/77 HPs)
             Began as an Octopode Earth Elementalist on Dec 11, 2017.
             Was a Priest of Vehumet.
             Slain by a two-headed ogre
             ... wielding a +0 great mace of flaming
              (11 damage)
             ... in a volcano.
             The game lasted 00:36:44 (10962 turns).

Canard the Geomancer (Octopode Earth Elementalist) Turns: 10962, Time: 00:36:44

Health: -4/77      AC:  1    Str: 12    XL:     12   Next: 1%
Magic:  15/26      EV: 21    Int: 27    God:    Vehumet [***...]
Gold:   562        SH:  4    Dex: 16    Spells: 12/27 levels left

rFire    . . .     SeeInvis .   N - +2 short sword (drain)
rCold    . . .     Gourm    .   (no shield)
rNeg     + . .     Faith    .   (helmet restricted)
rPois    +         Spirit   .   O - +4 amulet of reflection
rElec    .         Reflect  +   r - ring of positive energy
rCorr    .         Harm     .   h - ring of wizardry
MR       .....                  l - ring of protection from magic
Stlth    ++++......             v - ring "Qadadozo" {+Fly rPois MR- Str+5 Dex+4}
HPRegen  0.22/turn              y - +4 ring of intelligence
MPRegen  0.20/turn              (no ring)
                                (no ring)
                                (no ring)

@: marked, berserk cooldown, slowed, very slow
A: almost no armour, stealthy swim, amphibious, 8 rings, constrict 8, repulsion
field 1, camouflage 1, high mp 1, mutation resistance 1, gelatinous body 1,
MP-powered wands
a: Renounce Religion, Evoke Flight


You were in a volcano.
You worshipped Vehumet.
Vehumet was most pleased with you.
You were not hungry.

You visited 3 branches of the dungeon, and saw 13 of its levels.
You also visited: Volcano.

You collected 562 gold pieces.

Inventory:

Hand Weapons
 N - a +2 short sword of draining (weapon)
   (You took it off an orc on level 7 of the Dungeon)
Missiles
 b - 211 stones
 F - 7 tomahawks of dispersal (quivered)
Jewellery
 h - a ring of wizardry (right tentacle)
   (You found it on level 1 of the Dungeon)
 l - a ring of protection from magic (on tentacle)
   (You took it off a hobgoblin on level 2 of the Dungeon)
 r - a ring of positive energy (left tentacle)
   (You found it on level 8 of the Dungeon)
 v - the ring "Qadadozo" (on tentacle) {+Fly rPois MR- Str+5 Dex+4}
   (You found it on level 4 of the Dungeon)

   [ring of flight]

   It affects your strength (+5).
   It affects your dexterity (+4).
   It protects you from poison.
   It affects your resistance to hostile enchantments.
   It lets you fly.
 y - a +4 ring of intelligence (on tentacle)
   (You found it on level 3 of the Dungeon)
 H - an uncursed amulet of rage
   (You found it on level 6 of the Dungeon)
 K - an uncursed amulet of harm
   (You found it on level 8 of the Dungeon)
 O - a +4 amulet of reflection (around mantle)
   (You found it on level 9 of the Dungeon)
 P - an uncursed amulet of magic regeneration
   (You found it on level 10 of the Dungeon)
Wands
 a - a wand of paralysis (18)
   (You found it on level 1 of the Lair of Beasts)
 m - a wand of iceblast (13)
   (You found it on level 4 of the Dungeon)
 A - a wand of disintegration (20)
   (You found it on level 5 of the Dungeon)
 J - a wand of acid (7)
   (You found it on level 10 of the Dungeon)
 Q - a wand of polymorph (16)
   (You found it on level 9 of the Dungeon)
Scrolls
 j - 4 scrolls of remove curse
 s - 2 scrolls of teleportation
 x - 2 scrolls of blinking
Potions
 c - 2 potions of heal wounds
 e - 2 potions of brilliance
 f - a potion of haste {unknown}
 g - 2 potions of lignification
 k - 3 potions of ambrosia
 q - 4 potions of might
 t - 6 potions of curing
 w - 2 potions of resistance
 z - a potion of mutation
 B - a potion of cancellation {unknown}
 G - 2 potions of flight
 R - 2 potions of agility
Comestibles
 n - 14 royal jellies
 o - 2 meat rations
 p - 6 bread rations
 I - 2 fruits


   Skills:
 - Level 5.0 Fighting
 - Level 8.1 Dodging
 - Level 6.1 Stealth
 - Level 8.0 Spellcasting
 - Level 1.0 Transmutations
 + Level 13.5 Earth Magic


You had 12 spell levels left.
You knew the following spells:

 Your Spells              Type           Power        Failure   Level  Hunger
a - Sandblast             Erth           ######       0%          1    None
b - Passwall              Tmut/Erth      ######....   1%          2    None
c - Stone Arrow           Conj/Erth      #####.       1%          3    None
d - Lee's Rapid Deconstr  Erth           ######....   1%          5    ####...
e - Petrify               Tmut/Erth      ######..     1%          4    ##.....


Dungeon Overview and Level Annotations

Branches:
Dungeon (10/15)            Temple (1/1) D:4            Lair (2/6) D:10
  Swamp: Lair:2-4    Shoals: Lair:2-4     Snake: Lair:2-4    Spider: Lair:2-4
    Orc: D:9-12

Altars:
Ashenzari
Cheibriados
Dithmenos
Fedhas
Gozag
Makhleb
Qazlal
Ru
Sif Muna
Uskayaw
Vehumet
Xom
Yredelemnul

Shops:
D:8 ?

Annotations:
D:3 Robin


Innate Abilities, Weirdness & Mutations

You cannot wear most types of armour.
You are very stealthy in the water. (Stealth+)
You are amphibious.
You can wear up to eight rings at the same time.
You can use your tentacles to constrict eight enemies at once.
Your skin changes colour to match your surroundings (Stealth+).
Your rubbery body absorbs attacks. (AC +1, EV +1)
You are surrounded by a mild repulsion field. (EV +2)
You have an increased reservoir of magic. (+10% MP)
You are somewhat resistant to further mutation.
You expend magic power (3 MP) to strengthen your wands.


Message History

Unknown command.
A salamander comes into view. It is wielding a spear.
You feel a strong urge to attack something.
You are no longer berserk.
You are exhausted.
You feel yourself slow down.
Huge Dmg: -4%(-3hp) hp: 8%(6hp) Unknown command.
Aiming: Paralyse
Press: ? - help, Shift-Dir - straight line, f - two-headed ogre
Aim: a two-headed ogre, wielding a great mace of flaming and a giant club of flaming (chance to defeat MR: 32%)
Okay, then.
Unknown command.
Unknown command.
Okay, then.
Unknown command.
Unknown command.
There is a rocky tunnel leading out of this place here.
The two-headed ogre hits you with a great mace of flaming!
You die...

≈≈≈≈≈≈≈§
≈≈≈≈≈≈≈§
≈≈.≈≈≈≈§
≈..≈≈≈≈§
#.....).§
##N...#
###)#§§##
#∩#O#§§#
#@#.#§§#
##O##§§#
### §§§
§§§§ §§§§


You could see a two-headed ogre.

Vanquished Creatures
  5 two-headed ogres
  A lindwurm (Lair:2)
  Pikel (D:5)
  The ghost of Daviar the Chopper, a novice GrGl of Makhleb (D:7)
  A salamander (Volcano)
  An elephant (D:10)
  The ghost of anet the Magician, a novice DEWz (D:6)
  2 gargoyles (D:10)
  2 komodo dragons (Lair:1)
  3 trolls
  4 hippogriffs
  3 fire bats (Volcano)
  3 yaks (D:10)
  A basilisk (D:10)
  2 hungry ghosts
  The ghost of zkyp the Ruffian, an amateur VSMo (D:3)
  3 ice beasts
  A black bear (D:10)
  A sky beast (D:8)
  2 phantoms
  3 ogres
  4 centaurs
  A crocodile (Lair:1)
  A big kobold (D:9)
  2 bullfrogs
  6 scorpions
  8 killer bees
  2 centaur zombies
  3 crimson imps
  A quasit (D:10)
  4 jellies (D:8)
  4 bullfrog skeletons
  2 orc priests
  8 hounds
  4 centaur skeletons
  Crazy Yiuf (D:5)
  7 iguanas
  Terence (D:3)
  4 orc wizards
  8 worker ants
  A killer bee zombie (D:5)
  A hound zombie (D:10)
  A howler monkey skeleton (D:9)
  9 adders
  A shadow imp (D:10)
  6 oozes
  3 adder zombies
  A worm (D:3)
  2 dart slugs
  4 leopard geckos
  17 orcs
  4 giant cockroaches
  10 goblins
  11 hobgoblins
  9 jackals
  6 quokkas
  3 ball pythons
  8 bats
  5 frilled lizards
  A jackal zombie (D:8)
  8 kobolds
  A leopard gecko zombie (D:5)
  3 quokka skeletons
  5 rats
  A spectral orc (D:6)
234 creatures vanquished.

Vanquished Creatures (others)
  Eustachio (D:5)
  Menkaure (D:5)
  2 fungi (Lair:2)
  A plant (Lair:2)
5 creatures vanquished.

Grand Total: 239 creatures vanquished

Notes
Turn   | Place    | Note
-------+----------+-------------------------------------------
     0 | D:1      | Canard the Octopode Earth Elementalist began the quest for the Orb.
     0 | D:1      | Reached XP level 1. HP: 11/11 MP: 3/3
   167 | D:1      | Reached XP level 2. HP: 15/17 MP: 5/5
   503 | D:1      | Learned a level 2 spell: Passwall
   823 | D:2      | Reached skill level 4 in Earth Magic
   823 | D:2      | Reached XP level 3. HP: 21/21 MP: 3/6
   860 | D:2      | Found a stormy altar of Qazlal.
  1318 | D:2      | Reached XP level 4. HP: 27/27 MP: 5/7
  1424 | D:3      | Noticed Terence
  1513 | D:3      | Found a deep blue altar of Sif Muna.
  1524 | D:3      | Noticed zkyp's ghost (amateur VSMo)
  1584 | D:2      | Learned a level 3 spell: Stone Arrow
  1587 | D:3      | Reached skill level 5 in Earth Magic
  1618 | D:3      | Found a shattered altar of Ashenzari.
  1927 | D:4      | Reached XP level 5. HP: 31/31 MP: 0/8
  2022 | D:4      | Got a slimy pewter ring
  2023 | D:4      | Identified the ring "Qadadozo" {+Fly rPois MR- Str+5 Dex+4} (You found it on level 4 of the Dungeon)
  2233 | D:4      | Found a staircase to the Ecumenical Temple.
  2237 | D:4      | Reached skill level 6 in Earth Magic
  2277 | Temple   | Entered the Ecumenical Temple
  2283 | Temple   | Became a worshipper of Vehumet
  2303 | D:4      | Reached XP level 6. HP: 29/36 MP: 3/10
  2549 | D:3      | Killed zkyp's ghost
  2549 | D:3      | Reached XP level 7. HP: 41/41 MP: 1/12
  2633 | D:3      | Noticed Robin
  2847 | D:3      | Killed Terence
  2847 | D:3      | Reached skill level 7 in Earth Magic
  3034 | D:3      | Learned a level 5 spell: Lee's Rapid Deconstruction
  3361 | D:4      | Found a sacrificial altar of Ru.
  3878 | D:5      | Entered Level 5 of the Dungeon
  4093 | D:5      | Noticed Eustachio
  4267 | D:5      | Noticed Pikel
  4270 | D:5      | Killed Pikel
  4270 | D:5      | Reached skill level 8 in Earth Magic
  4270 | D:5      | Reached XP level 8. HP: 46/46 MP: 3/15
  4341 | D:5      | Killed Eustachio
  4391 | D:5      | Reached * piety under Vehumet
  4391 | D:5      | Offered knowledge of Freeze by Vehumet.
  4391 | D:5      | Reached skill level 5 in Spellcasting
  4391 | D:5      | Reached skill level 9 in Earth Magic
  4398 | D:5      | Noticed Menkaure
  4532 | D:5      | Killed Menkaure
  4690 | D:5      | Found a runed door.
  4694 | D:5      | Noticed Crazy Yiuf
  4696 | D:5      | Killed Crazy Yiuf
  5026 | D:6      | Found a basalt altar of Yredelemnul.
  5082 | D:6      | Noticed anet's ghost (novice DEWz)
  5085 | D:6      | Killed anet's ghost
  5085 | D:6      | Reached skill level 10 in Earth Magic
  5085 | D:6      | Reached XP level 9. HP: 51/51 MP: 6/17
  5229 | D:6      | Found a snail-covered altar of Cheibriados.
  5237 | D:6      | Noticed a troll
  5260 | D:6      | Killed a troll
  5287 | D:6      | Found a shadowy altar of Dithmenos.
  5801 | D:7      | Noticed Daviar's ghost (novice GrGl)
  5956 | D:7      | Reached ** piety under Vehumet
  5956 | D:7      | Offered knowledge of Throw Flame by Vehumet.
  5963 | D:7      | Reached skill level 11 in Earth Magic
  6427 | D:8      | Reached XP level 10. HP: 56/56 MP: 15/21
  6690 | D:8      | Learned a level 4 spell: Petrify
  6690 | D:8      | Gained mutation: You have an increased reservoir of magic. (+10% MP) [mutagenic meat]
  6691 | D:8      | Gained mutation: You expend magic power (3 MP) to strengthen your wands. [mutagenic meat]
  6692 | D:8      | Gained mutation: You are somewhat resistant to further mutation. [mutagenic meat]
  6694 | D:8      | Gained mutation: You are surrounded by a mild repulsion field. (EV +2) [mutagenic meat]
  6764 | D:8      | Reached skill level 1 in Fighting
  6943 | D:8      | Found Ymup's Magic Scroll Shoppe.
  7014 | D:8      | Noticed a two-headed ogre
  7225 | D:8      | Killed a two-headed ogre
  7438 | D:7      | Killed Daviar's ghost
  7742 | D:8      | Reached skill level 5 in Stealth
  7819 | D:9      | Noticed a two-headed ogre
  7822 | D:9      | Noticed a two-headed ogre
  7822 | D:9      | Killed a two-headed ogre
  7822 | D:9      | Offered knowledge of Static Discharge by Vehumet.
  7822 | D:9      | Reached skill level 12 in Earth Magic
  7825 | D:9      | Killed a two-headed ogre
  7825 | D:9      | Reached XP level 11. HP: 69/69 MP: 0/25
  8197 | D:9      | Reached skill level 5 in Dodging
  8506 | D:9      | Reached *** piety under Vehumet
  9213 | D:10     | Entered Level 10 of the Dungeon
  9352 | D:10     | Reached skill level 5 in Fighting
  9583 | D:10     | Offered knowledge of Ignite Poison by Vehumet.
  9734 | D:10     | Noticed a two-headed ogre
  9751 | D:10     | Killed a two-headed ogre
  9918 | D:10     | Found a staircase to the Lair.
 10287 | Lair:1   | Entered Level 1 of the Lair of Beasts
 10290 | Lair:1   | Reached skill level 13 in Earth Magic
 10430 | Lair:1   | Found a burning altar of Makhleb.
 10682 | Lair:2   | Found a dark tunnel.
 10683 | Lair:2   | Noticed a lindwurm
 10831 | Lair:2   | Killed a lindwurm
 10907 | Volcano  | Entered a volcano
 10941 | Volcano  | Noticed a salamander
 10943 | Volcano  | Noticed a two-headed ogre
 10944 | Volcano  | Killed a salamander
 10958 | Volcano  | Noticed a two-headed ogre
 10958 | Volcano  | Killed a two-headed ogre
 10958 | Volcano  | Reached XP level 12. HP: 9/77 MP: 14/26
 10962 | Volcano  | Slain by a two-headed ogre

Vault maps used:
D:1:      mrwooster_arrival_statue_2, minmay_misc_feat_room, minivault_11
D:2:      overflow_temple_1_default
D:3:      evilmike_ruin_ashenzari, nicolae_overflow_crystal_walls, uniq_robin,
          uniq_terence
D:4:      overflow_temple_1_default, minmay_temple_entry_overgrown
D:5:      first_bread, uniq_crazy_yiuf_cottage, uniq_pikel, uniq_eustachio,
          uniq_menkaure
D:6:      cheibriados_altar_1, yredelemnul_forgotten_temple_becter,
          serial_bayou_lagoon_a, nicolae_dithmenos_through_a_glass_darkly
D:7:      cheibrodos_fzero
D:8:      serial_shops, shop, hangedman_little_slice_of_home
D:10:     david_lair_generic
Temple:   eino_temple_rhombus
Lair:1:   kb_forest_paths, basic_altar, beast_lair_carwin_11
Lair:2:   nicolae_volcano_entry_vermiform, beast_lair_carwin_1
Volcano:  volcano_village

Skill      XL: |  1  2  3  4  5  6  7  8  9 10 11 |
---------------+----------------------------------+-----
Earth Magic    | 4 5 6 8 10 11 12 13 | 13.5
Spellcasting   | 3 4 5 7 8 |  8.0
Stealth        | 6 |  6.1
Fighting       | 4 5 |  5.0
Dodging        | 4 8 |  8.1
Transmutations | |  1.0

Action                   |  1- 3 |  4- 6 |  7- 9 | 10-12 || total
-------------------------+-------+-------+-------+-------++-------
Melee: Unarmed           |    53 |    28 |    27 |       ||   108
       Constrict         |    17 |    10 |    23 |    24 ||    74
       Tentacles         |     6 |     9 |    17 |    26 ||    58
       Whip              |       |       |    38 |    25 ||    63
       Short sword       |       |       |       |    70 ||    70
 Cast: Sandblast         |    24 |    44 |    12 |     6 ||    86
       Stone Arrow       |       |    12 |    38 |    55 ||   105
       Lee's Rapid Decon |       |       |    27 |    55 ||    82
       Petrify           |       |       |       |     1 ||     1
  Use: Scroll            |       |       |    16 |     3 ||    19
       Potion            |       |       |       |     3 ||     3
 Stab: Sleeping          |     5 |       |     2 |       ||     7
  Eat: Chunk             |     2 |     2 |    14 |    22 ||    40
       Bread ration      |       |     1 |       |       ||     1
       Meat ration       |       |       |     1 |     2 ||     3
Armor: Skin              |    18 |     2 |     5 |     2 ||    27
Dodge: Dodged            |    49 |    29 |    51 |    76 ||   205
Block: Other             |       |       |       |    10 ||    10

Table legend:
 A = Spawn XP
 B = Non-spawn XP
 C = Spawn XP percentage of total XP
 D = Spawn monster count
 E = Non-spawn monster count
 F = Spawn count percentage of total count
 G = Total turns spent on level
                    A         B        C        D         E        F      G
               +---------+---------+-------+---------+---------+-------+---------
         Total |       0 |   18513 |   0.0 |       0 |     233 |   0.0 | 10962
               +---------+---------+-------+---------+---------+-------+---------
           D:1 |       0 |      13 |   0.0 |       0 |      10 |   0.0 |   624
           D:2 |       0 |      72 |   0.0 |       0 |      27 |   0.0 |  1032
           D:3 |       0 |     235 |   0.0 |       0 |      22 |   0.0 |   925
           D:4 |       0 |     550 |   0.0 |       0 |      25 |   0.0 |  1389
           D:5 |       0 |     991 |   0.0 |       0 |      11 |   0.0 |   891
           D:6 |       0 |    1382 |   0.0 |       0 |      16 |   0.0 |  1027
           D:7 |       0 |    1954 |   0.0 |       0 |      28 |   0.0 |   889
           D:8 |       0 |    1854 |   0.0 |       0 |      26 |   0.0 |   991
           D:9 |       0 |    3306 |   0.0 |       0 |      29 |   0.0 |  1432
          D:10 |       0 |    4377 |   0.0 |       0 |      29 |   0.0 |  1074
        Lair:1 |       0 |    1114 |   0.0 |       0 |       4 |   0.0 |   364
        Lair:2 |       0 |     649 |   0.0 |       0 |       1 |   0.0 |   256
       Volcano |       0 |    2016 |   0.0 |       0 |       5 |   0.0 |    55
               +---------+---------+-------+---------+---------+-------+---------
